 Dungeon Crawl Stone Soup version 0.30-b1-2-g02819fbbbe (webtiles) character file.

Game seed: 15303816277177758432

3716 Metae the Blocker (level 9, -14/82 HPs)
             Began as a Minotaur Fighter on June 24, 2023.
             Killed by divine providence
             ... invoked by an orc priest
              (15 damage)
             ... on level 7 of the Dungeon.
             The game lasted 00:15:36 (6494 turns).

Metae the Blocker (Minotaur Fighter)                Turns: 6494, Time: 00:15:41

Health: -14/82     AC: 12    Str: 24 (26) XL:     9   Next: 91%
Magic:  8/8        EV: 10    Int:  2 (5)  God:
Gold:   410        SH: 10    Dex:  8 (9)  Spells: 8/8 levels left

rFire   . . .        y - +1 whip (drain)
rCold   . . .        c - +0 buckler
rNeg    . . .        n - +0 chain mail
rPois   .            (helmet restricted)
rElec   .            (no cloak)
rCorr   .            (no gloves)
SInv    .            e - +0 pair of boots
Will    +....        s - amulet of reflection Stlth
                     l - ring of willpower
HPRegen 0.33/turn    (no ring)
MPRegen 0.11/turn

%: reflection
@: no status effects
A: horns 2, retaliatory headbutt
a: no special abilities


You were on level 7 of the Dungeon.
You visited 1 branch of the dungeon, and saw 7 of its levels.

You collected 410 gold pieces.

Inventory:

Hand Weapons
 x - a +1 dagger of venom
 y - a +1 whip of draining (weapon)
Missiles
 h - 6 poisoned darts (quivered)
 A - a throwing net
Armour
 c - a +0 buckler (worn)
 e - a +0 pair of boots (worn)
 n - a +0 chain mail (worn)
Jewellery
 l - a ring of willpower (left hand)
 s - an amulet of reflection (around neck)
Wands
 t - a wand of light (12)
 v - a wand of iceblast (32)
Scrolls
 b - 3 scrolls of amnesia {unknown}
 i - a scroll of torment {unknown}
 j - 6 scrolls of teleportation {unknown}
 k - a scroll of enchant weapon {unknown}
 o - 2 scrolls of enchant armour {unknown}
 p - 6 scrolls of identify {unknown}
 r - a scroll of vulnerability {unknown}
 B - a scroll of immolation {unknown}
 C - 2 scrolls of poison {unknown}
 D - 3 scrolls of blinking {unknown}
Potions
 d - 3 potions of might
 f - 3 potions of haste {unknown}
 g - 9 potions of curing {unknown}
 m - a potion of heal wounds {unknown}
 q - a potion of flight {unknown}
 u - a potion of attraction {unknown}
 z - 3 potions of degeneration
 E - a potion of mutation {unknown}
 F - a potion of ambrosia {unknown}


   Skills:
 + Level 8.5 Fighting
 - Level 5.5 Short Blades
 + Level 4.9 Maces & Flails
 + Level 8.5 Armour
 + Level 6.6 Dodging
 + Level 8.6 Shields


You had 8 spell levels left.
You didn't know any spells.
Your spell library contained the following spells:

 Spells                   Type           Power      Damage    Failure   Level
 Sandblast                Erth           0%         2d4       98%         1
 Passwall                 Tmut/Erth      0%         N/A       99%         2
 Sublimation of Blood     Necr           0%         N/A       99%         2
 Stone Arrow              Conj/Erth      0%         3d7       100%        3
 Petrify                  Tmut/Erth      0%         N/A       100%        4
 Irradiate                Conj/Tmut      0%         3d11      100%        5


Dungeon Overview and Level Annotations

Branches:
Dungeon (7/15)             Temple (0/1) D:7

Altars:
Dithmenos
Zin
The Shining One

Shops:
D:1 *   D:5 :=:*   D:7 *


Innate Abilities, Weirdness & Mutations

You have a pair of horns on your head.
You reflexively headbutt those who attack you in melee.


Message History

You kill the scorpion!
The orc hits you from afar with a +0 trident.
Found a staircase to the Ecumenical Temple.
The orc barely misses you.
The orc priest invokes the aid of Beogh against you.
Beogh smites you!
* * * LOW HITPOINT WARNING * * *
You hear a shout!
You hit the orc. Your headbutt misses the orc.
The orc is heavily wounded.
The orc hits you with a +0 trident.
* * * LOW HITPOINT WARNING * * *
An orc comes into view. It is wielding a +0 mace.
You hit the orc but do no damage.
The orc is heavily wounded.
The orc barely misses you.
You closely miss the orc.
The orc is heavily wounded.
The orc misses you.
You hit the orc but do no damage. Your headbutt misses the orc.
The orc is heavily wounded.
An orc wizard comes into view. It is wielding a +0 dagger.
You block the orc's attack.
An orc comes into view. It is wielding a +0 club.
The orc wizard shouts!
An orc priest comes into view. It is wielding a +0 hand axe.
The orc barely misses you. The orc priest completely misses you.
The orc priest shouts!
The orc priest hits you but does no damage.
The orc priest calls down the wrath of Beogh upon you.
Beogh smites you!
* * * LOW HITPOINT WARNING * * *
It was a potion of degeneration.
There was something very wrong with that liquid.
You feel weakened.
You feel dopey.
You feel clumsy.
The orc hits you from afar with a +0 trident.
* * * LOW HITPOINT WARNING * * *
The orc priest calls down the wrath of Beogh upon you.
Beogh smites you!
You die...

................
...o...#)....... .
#.##o....>..# ..
#.##o#o.....##. ...
#..............
....###......o)......
..........oo..........
......................
............@.........#
...##.#..#............###.
..<...#..##.#.........#...
......^...#.##..........
#...#...#.#..##............
#.#.#...#.........[##......
#............##...##......
##...........#....###....#
##.....................# .


You could see 2 orc priests, an orc wizard and 3 orcs.

Vanquished Creatures
  Pikel (D:4)
  Sigmund (D:3)
  A wyvern (D:7)
  Duvessa (D:6)
  3 sky beasts
  2 ice beasts (D:6)
  3 black bears
  2 orc warriors
  3 ogres
  2 centaurs
  3 phantoms
  A gnoll sergeant (D:6)
  2 scorpions
  2 bullfrogs (D:6)
  Dowan (D:6)
  5 hounds
  A jelly (D:6)
  5 orc priests
  2 sleepcaps (D:6)
  4 iguanas
  2 gnoll boudas
  4 orc wizards
  8 gnolls
  11 adders
  A white imp (D:7)
  2 ufetubi
  2 worms
  3 dart slugs
  33 orcs
  4 endoplasms
  4 giant cockroaches
  5 goblins
  4 hobgoblins
  3 jackals (D:3)
  13 kobolds
  6 quokkas
  5 ball pythons
  7 bats
  4 frilled lizards
  5 rats
171 creatures vanquished.

Vanquished Creatures (others)
  8 demonic plants (D:3)
  10 fungi (D:3)
  7 plants (D:3)
  3 withered plants (D:3)
28 creatures vanquished.

Grand Total: 199 creatures vanquished

Notes
Turn   | Place    | Note
-------+----------+-------------------------------------------
     0 | D:1      | Metae the Minotaur Fighter began the quest for the Orb.
     0 | D:1      | Reached XP level 1. HP: 19/19 MP: 0/0
    81 | D:1      | Found Zycvumez's General Store.
   249 | D:1      | Reached XP level 2. HP: 27/27 MP: 1/1
   818 | D:2      | Reached XP level 3. HP: 33/33 MP: 2/2
  1365 | D:3      | Reached XP level 4. HP: 40/40 MP: 3/3
  1876 | D:3      | Noticed Sigmund
  1898 | D:3      | Killed Sigmund
  1899 | D:3      | Reached skill level 5 in Shields
  1899 | D:3      | Reached XP level 5. HP: 32/47 MP: 4/4
  2006 | D:3      | Reached XP level 6. HP: 32/55 MP: 5/5
  2016 | D:3      | Reached skill level 5 in Fighting
  2136 | D:3      | Found a faded altar of an unknown god.
  2460 | D:3      | Reached skill level 5 in Armour
  2850 | D:4      | Reached XP level 7. HP: 36/61 MP: 6/6
  3165 | D:4      | Noticed Pikel
  3178 | D:4      | Killed Pikel
  3187 | D:4      | Reached skill level 5 in Short Blades
  3195 | D:4      | Reached XP level 8. HP: 44/70 MP: 7/7
  3386 | D:5      | Entered Level 5 of the Dungeon
  3458 | D:5      | Found Uthu's Book Emporium.
  3464 | D:5      | Found Boanaxicwe's General Store.
  3596 | D:5      | Found Kera's Jewellery Shoppe.
  3706 | D:5      | Found Raibon's Book Boutique.
  3872 | D:5      | Found a glowing silver altar of Zin.
  3872 | D:5      | Found a shadowy altar of Dithmenos.
  3872 | D:5      | Found a glowing golden altar of the Shining One.
  4698 | D:6      | Found the +7 Kryia's mail coat {PotionHeal*2 rC+}
  4734 | D:6      | Reached skill level 1 in Maces & Flails
  4795 | D:6      | Reached skill level 5 in Dodging
  4881 | D:6      | Reached XP level 9. HP: 70/79 MP: 8/8
  5605 | D:6      | Noticed Duvessa
  5605 | D:6      | Noticed Dowan
  5616 | D:6      | Killed Dowan
  5629 | D:6      | Killed Duvessa
  6226 | D:7      | Found Ypemuanoa's General Store.
  6483 | D:7      | Found a staircase to the Ecumenical Temple.
  6493 | D:7      | HP: 3/82 [orc priest/divine providence (10)]
  6494 | D:7      | HP: 1/82 [orc/+0 trident (2)]
  6494 | D:7      | Killed from afar by an orc priest

Illustrated notes

Levels and vault maps discovered:
D:1:      evilmike_arrival_rings, layout_basic, serial_shops, shop
D:2:      layout_rooms, chequers_serial_rivers_micro_a,
          minmay_goblin_kobold_house
D:3:      layout_basic, shapermc_ecumenical_altar_gd, uniq_sigmund
D:4:      cheibrodos_pilgrimage, layout_rooms, uniq_pikel
D:5:      layout_loops_cross, gammafunk_temple_overflow_claw, serial_shops,
          nicolae_shop_tiny_statue_garden, nicolae_shop_peninsula,
          nicolae_shop_statue_plus, shop, hangedman_decor_lopped,
          minmay_misc_feat_rows
D:6:      minmay_diamond_boxcup, layout_loops_ring, minmay_pentangle,
          uniq_duvessa
D:7:      layout_cave_pools, minmay_temple_entry_sparse_star,
          gammafunk_ghost_grave, serial_shops, shop

Skill      XL: |  1  2  3  4  5  6  7  8  9 |
---------------+----------------------------+-----
Fighting       | 4 5 6 7 8 |  8.5
Shields        | 4 5 6 7 8 |  8.6
Armour         | 4 5 6 7 8 |  8.5
Short Blades   | 3 4 5 |  5.5
Dodging        | 2 3 5 6 |  6.6
Maces & Flails | 2 4 |  4.9

Action                     |  1- 3 |  4- 6 |  7- 9 || total
---------------------------+-------+-------+-------++-------
  Melee: Rapier            |   112 |   156 |    92 ||   360
         Headbutt          |    16 |    30 |    80 ||   126
         Whip              |       |       |   276 ||   276
         Dagger            |       |       |    51 ||    51
    Use: Potion            |       |       |     1 ||     1
 Armour: Scale mail        |    41 |       |       ||    41
         Chain mail        |     6 |   134 |   159 ||   299
  Dodge: Dodged            |    47 |    77 |   145 ||   269
  Block: Buckler           |    35 |    38 |   198 ||   271
         Reflection        |       |       |     8 ||     8
